 Dungeon Crawl Stone Soup version 0.29.0-4-gdea44cf6ec (webtiles) character file.

Game seed: 3037131123000697721

49 qw the Chopper (level 3, -7/21 HPs)
             Began as a Tengu Warper on Aug 28, 2022.
             Mangled by a gnoll
             ... wielding a +0 spear
              (8 damage)
             ... on level 2 of the Dungeon.
             The game lasted 00:00:08 (1162 turns).

qw the Chopper (Tengu Warper)                       Turns: 1162, Time: 00:00:08

Health: -7/21      AC:  4    Str: 13    XL:     3   Next: 77%
Magic:  7/7        EV: 12    Int: 13    God:
Gold:   122        SH:  0    Dex: 13    Spells: 6/6 levels left

rFire   . . .      SeeInvis .   Y - +1 hand axe
rCold   . . .      Faith    .   (no shield)
rNeg    . . .      Spirit   .   b - +0 leather armour
rPois   .          Reflect  .   (helmet restricted)
rElec   .          Harm     .   (no cloak)
rCorr   .          Rampage  .   f - +0 pair of gloves
Will    .....                   (boots unavailable)
Stlth   +.........              (no amulet)
HPRegen 0.07/turn               (no ring)
MPRegen 0.10/turn               (no ring)

@: no status effects
A: beak, talons 3
a: no special abilities


You were on level 2 of the Dungeon.
You visited 1 branch of the dungeon, and saw 2 of its levels.

You collected 122 gold pieces.


Innate Abilities, Weirdness & Mutations

You have a beak for a mouth.
You have claws for feet.


   Skills:
 - Level 2.0 Fighting
 + Level 4.4 Axes
 - Level 1.0 Throwing
 - Level 1.1 Armour
 - Level 2.1 Dodging
 - Level 2.0 Spellcasting
 - Level 2.4 Translocations


You had 6 spell levels left.
You didn't know any spells.
Your spell library contained the following spells:

 Spells                   Type           Power      Damage    Failure   Level
 Blink                    Tloc           14%        N/A       19%         2
 Gell's Gravitas          Tloc           7%         N/A       36%         3
 Lesser Beckoning         Tloc           7%         N/A       36%         3
 Teleport Other           Tloc           7%         N/A       36%         3
 Manifold Assault         Tloc           7%         N/A       98%         5

Inventory:

Hand Weapons
 l - a +0 club
 Y - a +1 hand axe (weapon)
Armour
 b - a +0 leather armour (worn)
 f - a +0 pair of gloves (worn)
Jewellery
 a - an amulet of reflection
Potions
 d - a potion of brilliance {unknown}
 h - a potion of lignification {unknown}
 m - a potion of heal wounds {unknown}

Dungeon Overview and Level Annotations

Branches:
Dungeon (2/15)

Altars:


Message History

You start resting.
HP restored.
Things that are here:
a +0 club; a stone
Found a robe.
You see here a +0 robe.
A rat comes into view.
You hit the rat but do no damage. You claw the rat.
You kill the rat!
A gnoll comes into view. It is wielding a +0 flail.
The gnoll shouts!
A gnoll comes into view. It is wielding a +0 spear.
Enter note:
1154 ||| Stepping ~*~*~tactically~*~*~ (stealth).
A gnoll comes into view. It is wielding a +0 club.
The gnoll throws a throwing net.
The throwing net completely misses you.
The gnoll shouts!
You hit the gnoll but do no damage. You claw the gnoll.
The gnoll is moderately wounded.
You hear a shout!
The gnoll hits you with a +0 flail!
You hit the gnoll but do no damage. You peck the gnoll.
The gnoll is severely wounded.
You closely miss the gnoll. The gnoll barely misses you.
The gnoll closely misses you.
You hit the gnoll.
You kill the gnoll!
You hit the gnoll. The gnoll hits you with a +0 club.
The gnoll closely misses you.
You hit the gnoll. You claw the gnoll. Your peck misses the gnoll.
The gnoll is severely wounded.
The gnoll hits you with a +0 club! The gnoll barely misses you.
You barely miss the gnoll. You peck the gnoll, but do no damage.
The gnoll is severely wounded.
The gnoll barely misses you. x2
You barely miss the gnoll. Your peck misses the gnoll.
The gnoll is severely wounded.
The gnoll hits you with a +0 club.
The gnoll hits you from afar with a +0 spear!
You die...

#.# ##..#####.# #
..........# ### #g
##.#####..#####..
.###.#####.........
..#............%.[
#g#.#####.#####...
#. #)..# #.# ####
##.###@### #.#
#....g.#######.#
#.###..(........#
#############


You could see 2 gnolls.

Vanquished Creatures
  A gnoll (D:2)
  3 ball pythons
  9 endoplasms (D:1)
  3 giant cockroaches (D:1)
  5 hobgoblins (D:1)
  3 bats (D:1)
  A frilled lizard (D:1)
  A goblin (D:1)
  5 kobolds
  4 rats
35 creatures vanquished.

Notes
Turn   | Place    | Note
-------+----------+-------------------------------------------
     0 | D:1      | qw the Tengu Warper began the quest for the Orb.
     0 | D:1      | Reached XP level 1. HP: 12/12 MP: 4/4
     0 | D:1      | 0 ||| qw: Version: 0.1-a-89-g26bdef1
     0 | D:1      | 0 ||| qw: Game counter: 2208
     0 | D:1      | 0 ||| qw: Always use a shield: true
     0 | D:1      | 0 ||| qw: God list: Okawaru
     0 | D:1      | 0 ||| qw: Allow faded altars: false
     0 | D:1      | 0 ||| qw: Do Orc after D:15 true
     0 | D:1      | 0 ||| qw: Do second Lair branch before Depths: true
     0 | D:1      | 0 ||| qw: Lair rune preference: random
     0 | D:1      | 0 ||| qw: Plans: Normal
     0 | D:1      | 0 ||| PLANNING D:1-11
    35 | D:1      | 35 ||| Stepping ~*~*~tactically~*~*~ (stealth).
    41 | D:1      | 41 ||| Stepping ~*~*~tactically~*~*~ (stealth).
    52 | D:1      | 52 ||| Stepping ~*~*~tactically~*~*~ (stealth).
    72 | D:1      | Reached skill level 3 in Axes
    72 | D:1      | Reached XP level 2. HP: 17/17 MP: 6/6
   622 | D:1      | Reached XP level 3. HP: 19/21 MP: 7/7
   760 | D:1      | 760 ||| Stepping ~*~*~tactically~*~*~ (stealth).
   778 | D:1      | Reached skill level 4 in Axes
   875 | D:1      | 875 ||| UPGRADING to +0 pair of gloves.
   880 | D:1      | 880 ||| READING 2 scrolls labelled QISKIED FORA.
   881 | D:1      | 881 ||| READING scroll labelled USUHAMA OFUHAT.
   882 | D:1      | 882 ||| READING scroll labelled DOX INARUPEI.
   883 | D:1      | 883 ||| READING scroll labelled UDDUDDOXEODI.
   884 | D:1      | 884 ||| READING scroll labelled CACWUEZXUFUBB.
   885 | D:1      | 885 ||| DROPPING scroll of magic mapping.
   886 | D:1      | 886 ||| DROPPING scroll of blinking.
  1154 | D:2      | 1154 ||| Stepping ~*~*~tactically~*~*~ (stealth).
  1160 | D:2      | HP: 2/21 [gnoll/+0 club (7)]
  1162 | D:2      | Mangled by a gnoll

Levels and vault maps discovered:
D:1:      scummos_arrival_star, layout_rooms, minmay_pentomino_w4
D:2:      layout_loops_ring

Skill      XL: |  1  2  3 |
---------------+----------+-----
Axes           | 3 4 |  4.4
Fighting       | |  2.0
Throwing       | |  1.0
Armour         | |  1.1
Dodging        | |  2.1
Spellcasting   | |  2.0
Translocations | |  2.4

Action                   || total
-------------------------++-------
Melee: Hand axe          ||    69
       Kick              ||    15
       Peck              ||    13
Throw: Boomerang         ||     7
  Use: Scroll            ||     5
Armor: Leather armour    ||    16
Dodge: Dodged            ||    39

Table legend:
 A = Non-vault XP
 B = Vault XP
 C = Vault XP percentage of total XP
 D = Non-vault monster count
 E = Vault monster count
 F = Vault count percentage of total count
                 A         B        C        D         E       F
            +---------+---------+-------+---------+---------+-------
      Total |      59 |      12 |  16.9 |      28 |       7 |  20.0
            +---------+---------+-------+---------+---------+-------
        D:1 |      38 |      12 |  24.0 |      23 |       7 |  23.3
        D:2 |      21 |       0 |   0.0 |       5 |       0 |   0.0
            +---------+---------+-------+---------+---------+-------
